 Dungeon Crawl Stone Soup version 0.31-a0-810-ga77100ea1a (webtiles) character file.

Game seed: 9280341817222966641

13892 dynsetu the Grappler (level 11, 0/100 HPs)
             Began as a Troll Shapeshifter on Sept 21, 2023.
             Was an Elder of Qazlal.
             Slain by a two-headed ogre
             ... wielding a +0 giant club
              (5 damage)
             ... while petrified by Jorgrun
             ... on level 12 of the Dungeon.
             The game lasted 00:28:49 (8762 turns).

dynsetu the Grappler (Troll Shapeshifter)           Turns: 8762, Time: 00:28:50

Health: 0/100      AC:  4    Str: 28    XL:     11   Next: 81%
Magic:  10/10      EV:  1    Int:  6    God:    Qazlal [****..]
Gold:   819        SH:  0    Dex:  9    Spells: 10/10 levels left

rFire   . .          .
                       - Unarmed
rCold   . . .        (shield currently unavailable)
rNeg    + + +        K - +0 robe {rN+}
rPois   ∞            (helmet restricted)
rElec   .            (no cloak)
rCorr   .            (gloves unavailable)
SInv    .            (boots unavailable)
Will    .....        I - amulet of regeneration
Stlth   +            e - +4 ring of slaying
HPRegen 1.96/turn    F - +5 ring of evasion
MPRegen 0.12/turn

%: repel missiles
@: flux-form, petrified, glowing
A: glow, contaminating, large, unfitting armour, claws 3, regeneration 1, shaggy
fur 1, tough skin 1
a: Begin Untransformation, Renounce Religion, Upheaval, Elemental Force


You were on level 12 of the Dungeon.
You worshipped Qazlal.
Qazlal was greatly pleased with you.
You were something dangerously unstable.
You visited 2 branches of the dungeon, and saw 13 of its levels.
You also visited: Ossuary.

You collected 936 gold pieces.
You spent 117 gold pieces at shops.

Inventory:

Missiles
 j - 7 poisoned darts
 q - 3 javelins
 y - 9 boomerangs
 B - 3 silver javelins
 Y - 6 large rocks
Armour
 K - a +0 robe of positive energy (worn)
 V - a +2 robe of cold resistance
 X - a +0 troll leather armour
Jewellery
 e - a +4 ring of slaying (left claw)
 F - a +5 ring of evasion (right claw)
 I - an amulet of regeneration (around neck)
 W - an amulet of magic regeneration
Talismans
 a - a storm talisman
 c - a beast talisman
 d - a flux talisman (active)
Wands
 D - a wand of mindburst (31)
 E - a wand of charming (11)
 N - a wand of roots (24)
 T - a wand of light (7)
Scrolls
 f - a scroll of silence {unknown}
 h - 9 scrolls of teleportation
 i - a scroll of torment {unknown}
 k - 2 scrolls of fog {unknown}
 n - a scroll of amnesia {unknown}
 p - 17 scrolls of identify {unknown}
 t - 2 scrolls of poison {unknown}
 w - 4 scrolls of vulnerability {unknown}
 x - 2 scrolls of immolation {unknown}
 z - 3 scrolls of enchant weapon {unknown}
 C - 3 scrolls of revelation {unknown}
 J - 2 scrolls of enchant armour {unknown}
 O - a scroll of fear {unknown}
 P - a scroll of noise {unknown}
 Q - 2 scrolls of summoning {unknown}
Potions
 b - 2 potions of lignification
 l - 5 potions of curing {unknown}
 m - 5 potions of haste {unknown}
 o - 4 potions of degeneration {unknown}
 r - 3 potions of magic {unknown}
 s - 3 potions of mutation {unknown}
 u - 2 potions of resistance {unknown}
 v - a potion of berserk rage {unknown}
 A - 3 potions of might {unknown}
 G - 2 potions of invisibility {unknown}
 M - a potion of ambrosia {unknown}
 U - 2 potions of heal wounds {unknown}
 Z - a potion of attraction {unknown}
Miscellaneous
 S - a phial of floods


   Skills:
 + Level 4.0 Fighting
 + Level 0.7 Throwing
 + Level 5.4 Dodging
 - Level 2.1 Stealth
 + Level 1.9 Shields
 + Level 14.2 Unarmed Combat
 + Level 1.0 Evocations
 * Level 9.2 Shapeshifting


You had 10 spell levels left.
You didn't know any spells.
Your spell library contained the following spells:

 Spells                   Type           Power      Damage    Failure   Level
 Shock                    Conj/Air       0%         1d3       45%         1
 Blink                    Tloc           0%         N/A       58%         2
 Lesser Beckoning         Tloc           0%         N/A       58%         2
 Momentum Strike          Conj/Tloc      0%         3d8       58%         2
 Gell's Gravitas          Tloc           0%         N/A       83%         3
 Ignite Poison            Fire/Tmut/Pois 0%         N/A       83%         3
 Summon Guardian Golem    Hex/Summ       0%         N/A       83%         3
 Swiftness                Air            0%         N/A       83%         3
 Airstrike                Air            0%         2d(0-16)  99%         4
 Iskenderun's Mystic Bla  Conj/Tloc      0%         2d3       99%         4
 Manifold Assault         Tloc           0%         N/A       99%         4
 Sticky Flame             Conj/Fire      0%         2d3       99%         4
 Summon Forest            Summ/Tloc      0%         N/A       100%        5
 Dispersal                Tloc           0%         N/A       100%        6
 Orb of Destruction       Conj           0%         9d5       100%        7
 Spellforged Servitor     Conj/Summ      0%         N/A       100%        7
 Disjunction              Tloc           0%         N/A       100%        8
 Ignition                 Fire           0%         3d3       100%        8


Dungeon Overview and Level Annotations

Branches:
Dungeon (12/15)            Temple (1/1) D:4            Lair (0/5) D:8
    Orc (0/2) D:12        Ossuary (visited)

Altars:
Ashenzari
Cheibriados
Dithmenos
Elyvilon
Fedhas
Gozag
Hepliaklqana
Kikubaaqudgha
Makhleb
Nemelex Xobeh
Okawaru
Qazlal
Ru
Sif Muna
Trog
Uskayaw
Vehumet
Wu Jian
Xom
Yredelemnul
Zin
The Shining One

Shops:
D:3 *   D:7 *   D:8 =

Portals:
Trove: D:11 (give +8 demon blade)

Annotations:
D:12 Jorgrun


Innate Abilities, Weirdness & Mutations

You are something dangerously unstable.
You glow with magical radiation, making you easy to see and hit.
Foes you strike become dangerously contaminated with magical radiation.
You are immune to poison.
You are incapable of wielding weapons or throwing items.
You are too large for most types of armour.
You have claws for hands.
Your natural rate of healing is unusually fast.
You are covered in fur. (AC +1)
You have tough skin. (AC +1)


Message History

Unknown command.
Unknown command.
The roots grasp on you weakens, but your attempt to escape fails.
You hear a horrible gurgling sound!
Jorgrun gestures at you while chanting.
You are slowing down.
The grasping roots constrict you!
Unknown command.
Unknown command.
You escape the roots grasp.
A cyan ugly thing comes into view.
Your limbs are stiffening.
Unknown command.
Jorgrun casts a spell at the rock wall.
You hear a grinding noise.
The cyclops throws a large rock.
You block the large rock.
You have turned to stone.
You hear a grinding noise.
The two-headed ogre is engulfed in freezing vapours.
The two-headed ogre hits you with a +0 giant club!!
The two-headed ogre hits you with a +0 giant spiked club.
The two-headed ogre hits you with a +0 giant club!!
The two-headed ogre hits you with a +0 giant spiked club!
The two-headed ogre hits you with a +0 giant club!
The two-headed ogre hits you with a +0 giant spiked club!!
The cyan ugly thing is engulfed in freezing vapours.
Jorgrun gestures next to the two-headed ogre while chanting.
Some rock shatters into small pieces.
The two-headed ogre hits you with a +0 giant club!!
The two-headed ogre hits you with a +0 giant spiked club!!
The two-headed ogre barely misses you.
The two-headed ogre hits you with a +0 giant spiked club!
The two-headed ogre hits you with a +0 giant club!!
* * * LOW HITPOINT WARNING * * *
The two-headed ogre hits you with a +0 giant spiked club.
* * * LOW HITPOINT WARNING * * *
The two-headed ogre hits you with a +0 giant club!!
* * * LOW HITPOINT WARNING * * *
The two-headed ogre hits you with a +0 giant spiked club!
You die...

## .#.....# ###. ..#...u#
#. #... #...... .. #.#.
#....# #. #.#. #...# # #.
#.#. #.Cg .#< #.#.
#..####.O#### #.# #.#.
.......uOp..###.#######.#.
.....#####................
... #..###........... #
...#.##.#######.#.
###......#######>##
#..............#
...############## ####


You could see Jorgrun, a cyan ugly thing, 2 two-headed ogres and a cyclops.

Vanquished Creatures
  Erolcha (D:9)
  A boulder beetle (D:11)
  A two-headed ogre (D:11)
  An ugly thing (D:12)
  Pikel (D:8)
  A cyclops (D:11)
  A manticore (D:12)
  Maurice (D:11)
  A gargoyle (D:10)
  Psyche (D:11)
  Jeremiah (D:7)
  Maggie (D:8)
  2 komodo dragons
  A kobold demonologist (D:10)
  Grinder (D:5)
  3 trolls
  A hornet (D:8)
  Prince Ribbit (D:8)
  2 slime creatures (D:12)
  9 yaks
  A vampire (D:11)
  3 wraiths
  A wyvern (D:9)
  4 acid dragons
  2 swamp worms (D:11)
  Duvessa (D:7)
  2 water moccasins
  An ice beast (D:7)
  A sky beast (D:6)
  3 orc warriors
  5 ogres
  A black bear (D:6)
  2 centaurs (D:8)
  3 phantoms
  3 bullfrogs
  8 wights
  Dowan (D:7)
  6 killer bees
  3 howler monkeys (D:9)
  A centaur zombie (Ossuary)
  4 hounds
  2 human zombies (Ossuary)
  4 orc priests
  2 sleepcaps
  10 orc wizards
  5 iguanas
  2 mummies (Ossuary)
  9 adders
  A white imp (D:6)
  2 worms (D:3)
  2 dart slugs
  47 orcs
  4 endoplasms
  2 giant cockroaches (D:1)
  3 goblins
  7 hobgoblins
  5 jackals
  7 kobolds
  3 quokkas
  9 ball pythons
  4 bats
  A frilled lizard (D:2)
  3 gnoll zombies (Ossuary)
  2 goblin zombies (Ossuary)
  4 hobgoblin zombies (Ossuary)
  2 orc zombies (Ossuary)
  6 rats
236 creatures vanquished.

Notes
Turn   | Place    | Note
-------+----------+-------------------------------------------
     0 | D:1      | dynsetu the Troll Shapeshifter began the quest for the Orb.
     0 | D:1      | Reached XP level 1. HP: 18/18 MP: 0/0
   172 | D:1      | Reached XP level 2. HP: 26/26 MP: 1/1
   655 | D:2      | Found a faded altar of an unknown god.
   667 | D:2      | Reached XP level 3. HP: 25/32 MP: 2/2
  1351 | D:3      | Reached skill level 4 in Unarmed Combat
  1351 | D:3      | Reached XP level 4. HP: 32/40 MP: 3/3
  1403 | D:3      | Noticed an ogre
  1409 | D:3      | Killed an ogre
  1410 | D:3      | Reached XP level 5. HP: 46/46 MP: 4/4
  1435 | D:3      | Reached skill level 5 in Unarmed Combat
  1557 | D:3      | Reached skill level 1 in Fighting
  1566 | D:3      | Reached XP level 6. HP: 20/55 MP: 5/5
  1954 | D:3      | Found Veibbole's Assorted Antiques.
  2720 | D:4      | Found a staircase to the Ecumenical Temple.
  2729 | Temple   | Entered the Ecumenical Temple
  2735 | Temple   | Became a worshipper of Qazlal Stormbringer
  3018 | D:5      | Entered Level 5 of the Dungeon
  3132 | D:5      | Reached skill level 1 in Stealth
  3165 | D:5      | Found a sacrificial altar of Ru.
  3176 | D:5      | Reached skill level 6 in Unarmed Combat
  3204 | D:5      | Reached XP level 7. HP: 49/62 MP: 6/6
  3331 | D:5      | Noticed Grinder
  3336 | D:5      | Paralysed by Grinder for 2 turns
  3391 | D:5      | Paralysed by Grinder for 5 turns
  3405 | D:5      | Killed Grinder
  3473 | D:5      | Reached skill level 7 in Unarmed Combat
  3767 | D:6      | Found a snail-covered altar of Cheibriados.
  3768 | D:6      | Found an ornate altar of the Wu Jian Council.
  3768 | D:6      | Found a sparkling altar of Nemelex Xobeh.
  3772 | D:6      | Reached XP level 8. HP: 61/72 MP: 7/7
  3782 | D:6      | Found a radiant altar of Vehumet.
  3876 | D:6      | Identified the +7 arbalest of Evil {penet, Will+ rCorr
                  | Stlth+}
  3885 | D:6      | Reached skill level 5 in Shapeshifting
  3944 | D:6      | Reached skill level 8 in Unarmed Combat
  3994 | D:6      | Found an opulent altar of Gozag.
  4300 | D:6      | Found a glowing silver altar of Zin.
  4474 | D:7      | Noticed Jeremiah
  4573 | D:7      | Reached * piety under Qazlal
  4580 | D:7      | Reached skill level 9 in Unarmed Combat
  4741 | D:7      | Reached XP level 9. HP: 80/80 MP: 8/8
  4756 | D:7      | Killed Jeremiah
  4770 | D:7      | Found Xatirphue's General Store.
  4826 | D:7      | Bought a scroll of teleportation for 39 gold pieces
  4883 | D:7      | Found an iron altar of Okawaru.
  4933 | D:7      | Found a hide-covered altar of Uskayaw.
  5028 | D:7      | Noticed Dowan
  5029 | D:7      | Noticed Duvessa
  5033 | D:7      | Killed Duvessa
  5036 | D:7      | Killed Dowan
  5095 | D:7      | Reached skill level 10 in Unarmed Combat
  5176 | D:8      | Noticed Pikel
  5184 | D:8      | Killed Pikel
  5185 | D:8      | Reached skill level 11 in Unarmed Combat
  5185 | D:8      | Reached skill level 1 in Evocations
  5219 | D:8      | Noticed Maggie
  5228 | D:8      | Killed Maggie
  5245 | D:8      | Noticed Prince Ribbit
  5261 | D:8      | Killed Prince Ribbit
  5262 | D:8      | Reached XP level 10. HP: 90/91 MP: 9/9
  5289 | D:8      | Found a sand-covered staircase.
  5295 | Ossuary  | Entered an ossuary
  5322 | Ossuary  | Reached ** piety under Qazlal
  5509 | D:8      | Found Gempobim's Jewellery Boutique.
  5723 | D:8      | Found a staircase to the Lair.
  5951 | D:9      | Reached skill level 12 in Unarmed Combat
  6035 | D:9      | Noticed Erolcha
  6059 | D:10     | Entered Level 10 of the Dungeon
  6327 | D:10     | Reached skill level 1 in Shields
  6333 | D:10     | Reached *** piety under Qazlal
  6353 | D:10     | Noticed a gargoyle
  6362 | D:10     | Killed a gargoyle
  6422 | D:10     | Got a weird book
  6479 | D:10     | Found a bloodstained altar of Trog.
  6829 | D:9      | Killed Erolcha
  6830 | D:9      | Reached skill level 13 in Unarmed Combat
  7578 | D:3      | Bought a scroll labelled VIDUNUU MYKHLEE for 26 gold pieces
  7578 | D:3      | Bought a scroll labelled TOCIHY HYV SIT for 26 gold pieces
  7578 | D:3      | Bought a scroll labelled SOHAYQAWIY for 26 gold pieces
  7803 | D:11     | Reached XP level 11. HP: 80/97 MP: 10/10
  7812 | D:11     | Noticed a two-headed ogre
  7859 | D:11     | Killed a two-headed ogre
  7868 | D:11     | Noticed Maurice
  7874 | D:11     | Maurice stole a +4 ring of protection
  7877 | D:11     | Killed Maurice
  7900 | D:11     | Noticed a boulder beetle
  7918 | D:11     | Killed a boulder beetle
  7944 | D:11     | Reached skill level 5 in Dodging
  8021 | D:11     | Noticed Psyche
  8030 | D:11     | Killed Psyche
  8256 | D:11     | Reached **** piety under Qazlal
  8346 | D:11     | Found a portal to a secret trove of treasure.
  8534 | D:12     | Found an iron altar of Okawaru.
  8560 | D:12     | Reached skill level 14 in Unarmed Combat
  8561 | D:12     | Identified the +0 dagger "Worm" {protect, Fly rPois rF+}
  8669 | D:12     | Found a staircase to the Orcish Mines.
  8682 | D:12     | Noticed a red ugly thing
  8688 | D:12     | Killed a brown ugly thing
  8749 | D:12     | Noticed a two-headed ogre
  8750 | D:12     | Noticed Jorgrun
  8750 | D:12     | Noticed a two-headed ogre
  8754 | D:12     | Noticed a cyan ugly thing
  8762 | D:12     | HP: 5/100 [two-headed ogre/+0 giant club (13)]
  8762 | D:12     | Slain by a two-headed ogre

Illustrated notes

Levels and vault maps discovered:
D:1:      minmay_arrival_arboretum_small, layout_loops_ring
D:2:      layout_loops_ring, nicolae_ecumenical_snake_handling,
          minmay_misc_feat_cross
D:3:      layout_basic, serial_shops, nicolae_shop_statue_plus,
          minmay_misc_feat_x
D:4:      layout_basic, temple_hall
D:5:      kennysheep_spiral_hall, layout_basic, nicolae_ru_awakened_eye,
          uniq_grinder
D:6:      layout_basic, pdpol_temple_overflow_zin_treasury_gozag_greed,
          chequers_temple_overflow_statue_of_worship
D:7:      layout_gridville, mainiacjoe_overflow_24_doors, old_standard_altar,
          serial_shops, shop, chequers_serial_rivers_room_b, uniq_duvessa,
          uniq_jeremiah
D:8:      layout_rooms, dpeg_oklobed_lair, lightli_ossuary_entry_decrepit_ruins,
          serial_shops, shop, uniq_pikel, uniq_prince_ribbit1, uniq_maggie
D:9:      layout_basic, uniq_erolcha
D:10:     layout_small_grid, lemuel_tele_altar
D:11:     layout_cave_pools, nicolae_trove_entry_crystal, worms_lemuel,
          uniq_maurice, uniq_psyche
D:12:     layout_loops_ring, okawaru_metal_pillars_1_2, uniq_jorgrun, uniq_lodul
Temple:   nicolae_temple_bog_church

Skill      XL: |  1  2  3  4  5  6  7  8  9 10 11 |
---------------+----------------------------------+-----
Unarmed Combat | 4 5 6 7 9 11 13 14 | 14.2
Dodging        | 2 3 4 5 |  5.4
Shapeshifting  | 4 5 6 7 9 |  9.2
Fighting       | 1 2 3 4 |  4.0
Stealth        | 1 2 |  2.1
Evocations     | 1 |  1.0
Shields        | 1 |  1.9
Throwing       | |  0.7

Action                     |  1- 3 |  4- 6 |  7- 9 | 10-12 || total
---------------------------+-------+-------+-------+-------++-------
  Melee: Unarmed           |    55 |    93 |   148 |   276 ||   572
         Punch             |     1 |     3 |     5 |     4 ||    13
  Throw: Dart              |       |       |     3 |       ||     3
Ability: Begin Untransform |       |       |       |     1 ||     1
  Evoke: Wand              |       |       |     3 |       ||     3
   Stab: Sleeping          |     2 |     3 |     1 |       ||     6
 Armour: Animal skin       |    27 |    63 |    46 |       ||   136
         Robe              |       |       |    15 |   104 ||   119
         Steam dragon scal |       |       |     1 |    27 ||    28
  Dodge: Dodged            |    29 |    24 |    78 |   136 ||   267
  Block: Other             |       |       |     3 |    26 ||    29
   Form: Beast             |       |       |       |     1 ||     1
         Flux              |       |       |       |     1 ||     1

Table legend: (Time is in decaauts)
 A = Elapsed time spent in this place.
 B = Non-inter-level travel time spent in this place.
 C = Inter-level travel time spent in this place.
 D = Time resting spent in this place.
 E = Time spent auto-exploring this place.
 F = Levels seen in this place.
 G = Mean time per level.
                   A        B        C        D        E       F      G
               +--------+--------+--------+--------+--------+-----+--------+
         Total |   8675 |   7880 |    795 |     43 |   6026 |  14 |  619.6 |
       Dungeon |   8536 |   7746 |    790 |     43 |   5986 |  12 |  711.3 |
        Temple |     12 |      7 |      5 |      0 |      0 |   1 |   12.0 |
       Ossuary |    125 |    125 |      0 |      0 |     40 |   1 |  125.0 |
               +--------+--------+--------+--------+--------+-----+--------+

Top non-repeatable levels by time:
     D:4: 986 daAuts
     D:9: 903 daAuts
     D:5: 828 daAuts
     D:6: 781 daAuts
     D:3: 759 daAuts
     D:2: 745 daAuts
     D:7: 705 daAuts
    D:10: 699 daAuts
    D:11: 691 daAuts
     D:8: 594 daAuts
     D:1: 574 daAuts
    D:12: 266 daAuts
 Ossuary: 125 daAuts
  Temple: 12 daAuts
